Map: Eindringling LE

Players

Panda

  • Race: Zerg Zerg
  • League: Platinum
  • Spawn Location: 11:00

Encelade - Winner!

  • Race: Zerg Zerg
  • League: Platinum
  • Spawn Location: 5:00

VOD

Have the link to the VOD?

Description

Time

  • Played on: Aug. 31, 2017, 2:14 p.m.
  • Length: 4:38
Show
View Real Time Build Order
Export as new Build Order

Panda Zerg 

Build Orders: Pool Only 

Get SALT Encoding   

  12  0:00  Drone  
  13  0:12  Extractor  
  12  0:25  Spawning Pool  
  11  0:31  Drone  
  12  0:37  Drone  
  13  0:45  Overlord  
  13  0:52  Drone  
  14  1:14  Metabolic Boost  
  14  1:16  Queen  
  16  1:24  Zergling x2  
  17  1:26  Zergling x2  
  17  1:31  Zergling x2  
  19  1:39  Zergling x2  
  20  1:49  Baneling Nest  
  20  1:50  Drone  
  20  1:58  Zergling x2  
  21  2:08  Overlord  
  21  2:22  Zergling x2  
  22  2:32  Zergling x4  
  22  2:33  Zergling x2  
  25  2:43  Baneling  
  22  2:52  Zergling x2  
  22  2:53  Zergling x2  
  23  3:03  Zergling x2  
  23  3:06  Baneling x2  
  23  3:08  Zergling x2  
  23  3:26  Zergling x2  
  23  3:32  Baneling  
  22  3:35  Baneling  
  22  3:43  Zergling x4  
  24  3:55  Baneling  
  22  3:56  Baneling  
  22  3:57  Zergling x2  
  23  4:05  Zergling x2  
Show
View Real Time Build Order
Export as new Build Order

Encelade Zerg - Winner!

Build Orders: Pool First 

Get SALT Encoding   

  12  0:08  Overlord  
  12  0:13  Drone  
  13  0:18  Drone  
  14  0:26  Drone  
  15  0:33  Drone  
  16  0:43  Spawning Pool  
  16  0:47  Drone  
  16  0:53  Drone  
  17  1:04  Extractor  
  17  1:07  Drone  
  17  1:20  Hatchery  
  17  1:25  Drone x2  
  18  1:37  Queen  
  20  1:43  Overlord  
  20  1:52  Zergling x2  
  21  2:03  Spine Crawler  
  21  2:07  Zergling x2  
  21  2:13  Metabolic Boost  
  21  2:16  Queen  
  23  2:24  Zergling x4  
  23  2:49  Zergling x8  
  23  2:50  Zergling x2  
  25  3:27  Queen  
  21  3:28  Zergling x8  
  27  3:36  Roach Warren  
  27  3:37  Spine Crawler  
  17  3:57  Zergling x2  
  17  3:58  Zergling x8  
Tags
 
Add a new tag
Caveats
  • Supply blocks, unpowered buildings, or Contaminate may cause inaccurate times.
  • Supply counts are checked every 10 seconds.